AoeStats
← omermelik_92

Arena

510320837Analyzed
1v1 RM · 2d ago on Sep 30, 2026· 58m 4s· 2 players
Game mode
Random Map
Map size
Tiny (2 player)
Population
200
Speed
Normal
Resources
Standard
Victory
Conquest
Starting age
Dark Age
Ending age
Imperial Age
RankedLock teamsTeams togetherTeam positionsShared explorationLock speedFull tech treeHidden civsTurbo modeCheats
Victory
Defeat
🇹🇷 Turks · Türkiye
485
+13
🇰🇿 Chinese · Kazakhstan
425
-13
Civarly
10:27 Feudal Age
11:55 Wheelbarrow
11:15 Double-Bit Axe
11:13 Horse Collar
20:24 Castle Age
19:32 Stone Mining
19:32 Gold Mining
19:39 Gold Mining
19:59 Fletching
20:09 Padded Archer Armor
21:33 Bow Saw
21:44 Heavy Plow
21:41 Pikeman
22:25 Squires
23:50 Hand Cart
32:05 Gold Shaft Mining
32:06 Stone Shaft Mining
38:28 Imperial Age
38:10 Elite Skirmisher
38:56 Thumb Ring
38:22 Light Cavalry
39:13 Bloodlines
39:03 Husbandry
39:05 Bodkin Arrow
44:44 Heavy Scorpion
46:20 Capped Ram
49:33 Elite Fire Lancer
50:00 Arson
50:41 Siege Ram
53:50 Bodkin Arrow
54:10 Leather Archer Armor
omermelik_92
0:27 Loom
12:35 Feudal Age
13:20 Double-Bit Axe
14:52 Wheelbarrow
14:26 Horse Collar
18:33 Gold Mining
18:42 Stone Mining
23:45 Castle Age
23:05 Scale Barding Armor
23:11 Forging
24:04 Padded Archer Armor
26:49 Hand Cart
26:58 Bow Saw
31:00 Bloodlines
30:50 Husbandry
32:37 Heavy Plow
34:06 Leather Archer Armor
34:12 Chain Barding Armor
34:27 Iron Casting
39:01 Imperial Age
39:03 Elite Janissary
40:21 Hoardings
40:12 Artillery
40:16 Town Watch
43:12 Conscription
45:21 Town Patrol
51:03 Ballistics
50:54 Masonry
50:29 Arrowslits
54:00 Two-Man Saw
53:38 Architecture
53:30 Bombard Tower
53:43 Ring Archer Armor
53:48 Plate Barding Armor
54:14 Blast Furnace
Connection lost

Rejoining the realm…

Still unreachable

The connection could not be restored.

Session expired

The server has moved on; the page needs a fresh start.